 Dungeon Crawl Stone Soup version 0.31-a0-18-gea43df2a32 (webtiles) character file.

Game seed: 17764259911304013875

33359 funkygono the Severer (level 13, 0/116 HPs)
             Began as a Minotaur Fighter on May 11, 2023.
             Was a High Priest of Okawaru.
             Killed from afar by an oklob plant (26 damage)
             ... with a splash of acid
             ... on level 4 of the Lair of Beasts on May 12, 2023.
             The game lasted 00:24:22 (13881 turns).

funkygono the Severer (Minotaur Fighter)           Turns: 13881, Time: 00:24:23

Health: 0/116      AC:  0    Str: 26    XL:     13   Next: 36%
Magic:  13/14      EV: 14    Int: 11    God:    Okawaru [*****.]
Gold:   412        SH: 15    Dex: 16    Spells: 12/12 levels left

rFire   . . .        G - +0 war axe (heavy)
rCold   . . .        l - +0 kite shield
rNeg    . . .        a - +2 chain mail {Will+}
rPois   .            (helmet restricted)
rElec   .            w - +2 cloak
rCorr   .            v - +1 pair of gloves
SInv    .            x - +1 pair of boots
Will    +....        (no amulet)
Stlth   +            y - +6 ring of intelligence
HPRegen 0.39/turn    c - +6 ring of dexterity
MPRegen 0.14/turn

%: no passive effects
@: heroic, corroded
A: horns 2, retaliatory headbutt
a: Renounce Religion, Heroism, Finesse, Duel


You were on level 4 of the Lair of Beasts.
You worshipped Okawaru.
Okawaru was extremely pleased with you.
You visited 3 branches of the dungeon, and saw 15 of its levels.

You collected 772 gold pieces.
You spent 360 gold pieces at shops.

Inventory:

Hand Weapons
 G - a +0 heavy war axe (weapon)
Missiles
 h - 10 boomerangs (quivered)
 n - 7 javelins
 q - 19 poisoned darts
 I - 2 silver javelins
 K - 3 throwing nets
Armour
 a - a +2 chain mail of willpower (worn)
 l - a +0 kite shield (worn)
 v - a +1 pair of gloves (worn)
 w - a +2 cloak (worn)
 x - a +1 pair of boots (worn)
Jewellery
 c - a +6 ring of dexterity (right hand)
 y - a +6 ring of intelligence (left hand)
 C - a +6 ring of intelligence
 F - a ring of fire
Wands
 r - a wand of paralysis (7)
 A - a wand of acid (12)
 E - a wand of roots (18)
Scrolls
 b - 2 scrolls of identify
 e - 7 scrolls of teleportation
 m - 2 scrolls of fog
 o - 6 scrolls of magic mapping
 p - a scroll of blinking
 u - a scroll of enchant weapon {unknown}
Potions
 d - 7 potions of might
 f - a potion of resistance
 g - 3 potions of haste
 i - a potion of magic
 j - 6 potions of curing
 k - 2 potions of invisibility
 s - a potion of flight
 t - 2 potions of mutation
 z - 3 potions of cancellation
 B - 6 potions of heal wounds
 H - a potion of berserk rage


   Skills:
 + Level 11.5(16.5) Fighting
 + Level 16.5(21.5) Axes
 + Level 5.0(10.0) Throwing
 + Level 10.1(15.1) Armour
 + Level 6.7(11.7) Dodging
 + Level 3.2(8.2) Stealth
 + Level 12.6(17.6) Shields
 + Level 3.8 Invocations
 + Level 1.2 Evocations


You had 12 spell levels left.
You didn't know any spells.
Your spell library was empty.

Dungeon Overview and Level Annotations

Branches:
Dungeon (10/15)            Temple (1/1) D:7            Lair (4/5) D:10
 Shoals (0/4) Lair:3       Spider (0/4) Lair:3
  Slime: Lair:4-5       Orc: D:9-12

Altars:
Ashenzari
Cheibriados
Dithmenos
Elyvilon
Fedhas
Gozag
Hepliaklqana
Kikubaaqudgha
Makhleb
Nemelex Xobeh
Okawaru
Qazlal
Ru
Sif Muna
Trog
Uskayaw
Vehumet
Wu Jian
Xom
Yredelemnul
Zin
The Shining One

Shops:
D:3 *   D:4 [

Annotations:
D:5 3 runed translucent doors, KimchiStew's ghost, novice HuWr; PostNTower's ghost, novice DrTm; PostNTower's ghost, novice OpTm
Lair:4 exclusion: 2 oklob plants


Innate Abilities, Weirdness & Mutations

You have a pair of horns on your head.
You reflexively headbutt those who attack you in melee.


Message History

You slice the oklob plant!!
You headbutt the oklob plant, but do no damage.
The oklob plant is heavily damaged.
The oklob plant spits acid at you. The splash of acid hits you.
The acid corrodes you!
Unknown command.
You slice the oklob plant!!
You headbutt the oklob plant, but do no damage.
The oklob plant is almost destroyed.
The oklob plant spits acid at you. The splash of acid hits you!
The acid corrodes you!
You hit the oklob plant but do no damage.
The oklob plant is almost destroyed.
The oklob plant spits acid at you. The splash of acid hits you!
The acid corrodes you!
Unknown command.
You hit the oklob plant.
The oklob plant is almost destroyed.
The oklob plant spits acid at you. The splash of acid hits you!
The acid corrodes you!
You hit the oklob plant but do no damage.
You headbutt the oklob plant.
The oklob plant is almost destroyed.
You hit the oklob plant but do no damage.
You headbutt the oklob plant, but do no damage.
The oklob plant is almost destroyed.
The oklob plant spits acid at you. The splash of acid hits you!!
* * * LOW HITPOINT WARNING * * *
You hit the oklob plant but do no damage.
The oklob plant is almost destroyed.
The oklob plant spits acid at you. The splash of acid hits you!
* * * LOW HITPOINT WARNING * * *
The acid corrodes you!
Unknown command.
You feel much better. The oklob plant spits acid at you.
The splash of acid hits you!!
You die...

.#.............
...............
.............. ♣♣♣
♣..........
♣♣.♣♣♣♣.........
♣♣♣♣♣.♣.♣♣...#...###
♣P♣/.♣.♣♣.♣.###.####
♣$$.♣♣♣.♣.♣.# #####. #.
♣$_@♣ ♣♣.♣♣.# #.....
#..
♣♣.$P♣♣.♣.♣.###.....
#.♣ ♣♣♣♣♣♣♣.♣♣..##.....
#..♣♣ ♣♣♣♣♣..###.....
#...♣♣##.#♣#...# ###.#.
#....P..+.♣♣...## ##.#.
#.....<.........###....
#......................
#......................


You could see 2 oklob plants.

Vanquished Creatures
  Harold (D:10)
  Erica (D:9)
  A boulder beetle (Lair:1)
  A two-headed ogre (D:10)
  A centaur warrior (D:7)
  A death yak (Lair:2)
  Amaemon (Lair:1)
  A skyshark (Lair:2)
  Pikel (D:7)
  21 elephants
  An orange demon (Lair:1)
  A black mamba (Lair:3)
  5 cane toads
  An unseen horror (D:7)
  Maggie (D:8)
  A rime drake (Lair:4)
  2 torpor snails
  8 komodo dragons
  5 polar bears (Lair:2)
  7 blink frogs
  5 dream sheep (Lair:4)
  30 yaks
  2 wyverns
  Eustachio (D:4)
  A wraith (D:10)
  3 basilisks (Lair:1)
  3 redbacks (Lair:3)
  A steam dragon (D:8)
  Menkaure (D:7)
  An acid dragon (D:9)
  11 water moccasins
  An ice beast (D:6)
  2 orc warriors
  A sky beast (D:8)
  5 black bears
  10 wolves
  3 ogres
  7 centaurs
  A phantom (D:6)
  A kobold brigand (D:9)
  15 bullfrogs
  2 gnoll sergeants
  5 wights (D:8)
  8 killer bees
  5 electric eels (D:10)
  Crazy Yiuf (D:3)
  3 hounds
  2 orc priests
  A gnoll bouda (D:6)
  An iguana (D:6)
  Ijyb (D:4)
  A sleepcap (D:5)
  2 orc wizards
  6 hell rats (Lair:4)
  Robin (D:4)
  11 gnolls
  16 adders
  A shadow imp (D:8)
  An ufetubus (D:6)
  A worm (D:2)
  A dart slug (D:3)
  28 orcs
  11 ball pythons
  4 bats
  2 endoplasms
  5 giant cockroaches
  11 goblins
  11 hobgoblins
  3 jackals (D:2)
  12 kobolds
  2 quokkas
  6 frilled lizards
  5 rats
337 creatures vanquished.

Notes
Turn   | Place    | Note
-------+----------+-------------------------------------------
     0 | D:1      | funkygono the Minotaur Fighter began the quest for the Orb.
     0 | D:1      | Reached XP level 1. HP: 19/19 MP: 0/0
   135 | D:1      | Reached XP level 2. HP: 24/27 MP: 1/1
   526 | D:1      | Reached XP level 3. HP: 31/33 MP: 2/2
   693 | D:1      | Reached skill level 3 in Axes
  1088 | D:2      | Reached XP level 4. HP: 40/40 MP: 3/3
  1255 | D:2      | Identified the +5 ring mail "Poog" {Harm Int+2}
  1300 | D:2      | Reached skill level 1 in Dodging
  1631 | D:3      | Found Gaih's Assorted Antiques.
  1918 | D:3      | Found a runed translucent door.
  1919 | D:3      | Noticed Crazy Yiuf
  2008 | D:3      | Reached XP level 5. HP: 45/46 MP: 4/4
  2148 | D:3      | Reached skill level 4 in Axes
  2370 | D:3      | Killed Crazy Yiuf
  2428 | D:4      | Found Ysmen's Antique Armour Shoppe.
  2440 | D:4      | Reached skill level 5 in Shields
  2519 | D:4      | Noticed Robin
  2519 | D:4      | Noticed Ijyb
  2547 | D:4      | Killed Ijyb
  2548 | D:4      | Reached XP level 6. HP: 37/53 MP: 5/5
  2562 | D:4      | Reached skill level 5 in Axes
  2637 | D:4      | Killed Robin
  2845 | D:4      | Noticed Eustachio
  2856 | D:4      | Killed Eustachio
  2857 | D:4      | Reached skill level 5 in Armour
  2895 | D:4      | Reached skill level 5 in Fighting
  2895 | D:4      | Reached skill level 6 in Axes
  2895 | D:4      | Reached XP level 7. HP: 52/61 MP: 6/6
  3445 | D:5      | Entered Level 5 of the Dungeon
  3546 | D:5      | Found a blossoming altar of Fedhas.
  3566 | D:5      | Found a runed translucent gate.
  3566 | D:5      | Found a runed translucent gate.
  3566 | D:5      | Found a runed translucent gate.
  3566 | D:5      | Noticed PostNTower's ghost (novice OpTm)
  3566 | D:5      | Noticed KimchiStew's ghost (novice HuWr)
  3567 | D:5      | Noticed PostNTower's ghost (novice DrTm)
  3970 | D:5      | Found a bloodstained altar of Trog.
  3981 | D:5      | Reached skill level 1 in Stealth
  3985 | D:5      | Reached skill level 7 in Axes
  4255 | D:6      | Reached XP level 8. HP: 67/68 MP: 7/7
  4361 | D:6      | Reached skill level 8 in Axes
  4722 | D:6      | Found a broken altar of Ashenzari.
  4745 | D:6      | Reached skill level 9 in Axes
  5158 | D:6      | Found a shimmering blue altar of Sif Muna.
  5368 | D:7      | Found a staircase to the Ecumenical Temple.
  5398 | Temple   | Entered the Ecumenical Temple
  5496 | Temple   | Became a worshipper of Warmaster Okawaru
  5968 | D:7      | Killed an unseen horror
  5969 | D:7      | Reached skill level 10 in Axes
  5969 | D:7      | Reached XP level 9. HP: 21/78 MP: 8/8
  6218 | D:7      | Noticed a centaur warrior
  6218 | D:7      | Noticed Pikel
  6230 | D:7      | Killed Pikel
  6230 | D:7      | Reached * piety under Okawaru
  6234 | D:7      | Killed a centaur warrior
  6372 | D:7      | Noticed Menkaure
  6380 | D:7      | Killed Menkaure
  6756 | D:8      | Reached skill level 11 in Axes
  6859 | D:8      | Reached XP level 10. HP: 74/86 MP: 6/9
  6993 | D:8      | Noticed Maggie
  7002 | D:8      | Killed Maggie
  7003 | D:8      | Reached skill level 5 in Dodging
  7368 | D:9      | Noticed Erica
  7370 | D:9      | Reached skill level 1 in Evocations
  7475 | D:9      | Killed Erica
  7475 | D:9      | Reached ** piety under Okawaru
  7476 | D:9      | Reached skill level 1 in Throwing
  7570 | D:9      | Found a hide-covered altar of Uskayaw.
  8331 | D:10     | Entered Level 10 of the Dungeon
  8354 | D:10     | Reached skill level 12 in Axes
  8354 | D:10     | Reached skill level 1 in Invocations
  8457 | D:10     | HP: 1/88 [electric eel/bolt of electricity (10)]
  8774 | D:10     | Reached *** piety under Okawaru
  8774 | D:10     | Received a gift from Okawaru
  9058 | D:10     | Noticed Harold
  9065 | D:10     | Killed Harold
  9066 | D:10     | Reached XP level 11. HP: 85/95 MP: 8/11
  9264 | D:10     | Found a staircase to the Lair.
  9462 | D:10     | Noticed a two-headed ogre
  9470 | D:10     | Killed a two-headed ogre
  9471 | D:10     | Reached skill level 13 in Axes
  9681 | D:10     | Found a sacrificial altar of Ru.
  9923 | D:4      | Bought a runed chain mail for 180 gold pieces
  9933 | D:4      | Bought a pair of glowing gloves for 180 gold pieces
 10117 | Lair:1   | Entered Level 1 of the Lair of Beasts
 10460 | Lair:1   | Noticed a boulder beetle
 10463 | Lair:1   | Noticed Amaemon
 10514 | Lair:1   | Killed Amaemon
 10704 | Lair:1   | Reached skill level 10 in Shields
 10733 | Lair:1   | Killed a boulder beetle
 11222 | Lair:2   | Reached skill level 14 in Axes
 11282 | Lair:2   | Reached **** piety under Okawaru
 11294 | Lair:2   | Noticed a death yak
 11321 | Lair:2   | Killed a death yak
 11337 | Lair:2   | Reached XP level 12. HP: 49/105 MP: 12/12
 11755 | Lair:2   | Reached skill level 15 in Axes
 11893 | Lair:2   | Reached skill level 10 in Fighting
 12274 | Lair:3   | Found a staircase to the Shoals.
 12288 | Lair:3   | Received a gift from Okawaru
 12504 | Lair:3   | Found a hole to the Spider Nest.
 12579 | Lair:3   | Reached skill level 16 in Axes
 12680 | Lair:3   | Reached skill level 10 in Armour
 12782 | Lair:3   | Reached ***** piety under Okawaru
 12800 | Lair:3   | Reached XP level 13. HP: 115/115 MP: 12/14
 13821 | Lair:4   | Reached skill level 5 in Throwing
 13867 | Lair:4   | Found a blossoming altar of Fedhas.
 13881 | Lair:4   | Killed from afar by an oklob plant

Illustrated notes

Levels and vault maps discovered:
D:1:      amcnicky_arrival_double_pillar, layout_loops_corners
D:2:      layout_basic
D:3:      layout_basic, serial_shops, shop, minmay_snake_closets,
          uniq_crazy_yiuf_cottage
D:4:      layout_rooms, serial_shops, shop, nicolae_goblin_pals, uniq_eustachio
D:5:      layout_basic, trog_ov_bears_minmay, mainiacjoe_overflow_tiny_flanked,
          gammafunk_ghost_cemetery
D:6:      minmay_skewed_foursquare, layout_loops_ring, evilmike_ruin_ashenzari,
          nicolae_sif_muna_little_library, minivault_19
D:7:      layout_basic, minmay_temple_entry_gardened_gates, minmay_three_doors,
          uniq_menkaure, uniq_pikel
D:8:      layout_cave_pools, uniq_maggie
D:9:      layout_irregular_city, mainiacjoe_overflow_paths, uniq_erica
D:10:     nicolae_moon_pools, layout_irregular_city, nicolae_ru_path_of_blood,
          lair_entry_dummy, corexii_checkpoint_b, uniq_harold
Temple:   minmay_temple_bridge_d
Lair:1:   layout_roguey, grunt_megastairs_1, uniq_amaemon
Lair:2:   beast_lair_carwin_large_2, layout_regular_city, lemuel_fruit_tree,
          serial_bayou_shore_b
Lair:3:   layout_regular_city, minmay_shoals_entry_centaurs,
          spider_nest_entry_a, grunt_megastairs_4, infiniplex_staircase_pool
Lair:4:   dragon1_lemuel, layout_regular_city, hangedman_tree_tricks,
          grunt_megastairs_2, serial_bayou_shore_b

Skill      XL: |  1  2  3  4  5  6  7  8  9 10 11 12 13 |
---------------+----------------------------------------+-----
Shields        | 4 5 6 8 9 10 12 | 12.6
Fighting       | 4 5 6 7 8 9 10 11 | 11.5
Armour         | 4 5 6 7 8 9 10 | 10.1
Axes           | 3 4 6 7 10 11 12 14 16 | 16.5
Dodging        | 1 2 3 4 5 6 |  6.7
Stealth        | 1 2 3 |  3.2
Evocations     | 1 |  1.2
Throwing       | 2 4 5 |  5.0
Invocations    | 1 2 3 |  3.8

Action                     |  1- 3 |  4- 6 |  7- 9 | 10-12 | 13-15 || total
---------------------------+-------+-------+-------+-------+-------++-------
  Melee: War axe           |    68 |   120 |   178 |   310 |    85 ||   761
         Headbutt          |    12 |    15 |    27 |    67 |    27 ||   148
  Throw: Javelin           |       |     1 |       |       |       ||     1
         Boomerang         |       |       |       |    64 |    31 ||    95
 Invoke: Heroism           |       |       |     3 |    33 |     9 ||    45
  Evoke: Wand              |       |       |     3 |       |       ||     3
    Use: Scroll            |       |       |    14 |     8 |     1 ||    23
         Potion            |       |       |     3 |       |     1 ||     4
   Stab: Sleeping          |       |       |       |     1 |       ||     1
 Armour: Scale mail        |    27 |     7 |       |       |       ||    34
         Ring mail         |       |    55 |   100 |    52 |       ||   207
         Skin              |       |       |     3 |       |       ||     3
         Chain mail        |       |       |       |   145 |    52 ||   197
  Dodge: Dodged            |    30 |    68 |    73 |   212 |    33 ||   416
  Block: Buckler           |    24 |    36 |       |       |       ||    60
         Kite shield       |       |       |    68 |   263 |    64 ||   395

Table legend: (Time is in decaauts)
 A = Elapsed time spent in this place.
 B = Non-inter-level travel time spent in this place.
 C = Inter-level travel time spent in this place.
 D = Time resting spent in this place.
 E = Time spent auto-exploring this place.
 F = Levels seen in this place.
 G = Mean time per level.
                   A        B        C        D        E       F      G
               +--------+--------+--------+--------+--------+-----+--------+
         Total |  14090 |  13483 |    607 |    462 |  10330 |  15 |  939.3 |
       Dungeon |  10065 |   9639 |    426 |    462 |   7250 |  10 | 1006.5 |
        Temple |    178 |     75 |    103 |      0 |     62 |   1 |  178.0 |
          Lair |   3845 |   3768 |     77 |      0 |   3018 |   4 |  961.2 |
               +--------+--------+--------+--------+--------+-----+--------+

Top non-repeatable levels by time:
    D:10: 1616 daAuts
     D:7: 1227 daAuts
     D:6: 1152 daAuts
  Lair:2: 1119 daAuts
     D:4: 1104 daAuts
  Lair:1: 1072 daAuts
  Lair:3: 1046 daAuts
     D:1: 961 daAuts
     D:8: 844 daAuts
     D:9: 844 daAuts
     D:3: 841 daAuts
     D:5: 794 daAuts
     D:2: 678 daAuts
  Lair:4: 607 daAuts
  Temple: 178 daAuts
